 Dungeon Sprint DCSS version 0.19.3-4-gbf9329e (webtiles) character file.

674 Kagutsuchi the Fighter (level 7, -19/73 HPs)
             Began as a White Draconian Berserker on Jan 27, 2017.
             Was a Priest of Trog.
             Demolished by a tyrant leech (30 damage)
             ... in the Dungeon (Sprint II: "The Violet Keep of Menkaure").
             The game lasted 00:01:03 (308 turns).

Kagutsuchi the Fighter (White Draconian Berserker)   Turns: 308, Time: 00:01:03

Health: -19/73     AC:  6    Str: 20    XL:     7   Next: 33%
Magic:  7/7        EV: 16    Int:  7    God:    Trog [***...]
Gold:   729        SH:  0    Dex: 12    Spells: 0 memorised, 6 levels left

rFire  . . .     SeeInvis .     a - +0 falchion
rCold  + . .     Gourm    .     (armour unavailable)
rNeg   . . .     Faith    .     (no shield)
rPois  .         Spirit   .     (helmet restricted)
rElec  .         Reflect  .     (no cloak)
rCorr  .         Harm     .     (no gloves)
MR     .....     NoTele   +     (no boots)
Stlth  +.........               (no amulet)
                                (no ring)
                                (no ring)

@: exhausted, slowed, very slow
A: breathe frost, unfitting armour, cold resistance 1, cold-blooded, AC +6
a: Breathe Frost, Berserk, Trog's Hand, Burn Spellbooks, Renounce Religion


You were in the Dungeon.
You worshipped Trog.
Trog was most pleased with you.
You were hungry.

You visited 1 branch You collected 729 gold pieces.

Inventory:

Hand Weapons
 a - a +0 falchion (weapon)
 i - a +0 trident of freezing
Scrolls
 h - a scroll of blinking
Potions
 c - a potion of curing
 e - a potion of haste
 f - 2 potions of magic
 g - a potion of berserk rage
Comestibles
 b - a bread ration


   Skills:
 + Level 10.8 Fighting
 + Level 9.9 Long Blades
 + Level 8.6 Dodging


You had 6 spell levels left.
You didn't know any spells.

Dungeon Overview and Level Annotations

Branches:
Dungeon (1/1)

Altars:


Innate Abilities, Weirdness & Mutations

You can breathe waves of freezing cold.
You can buffet flying creatures when you breathe cold.
Your icy white scales are hard. (AC +6)
You cannot fit into any form of body armour.
Your flesh is cold resistant. (rC+)
You are cold-blooded and may be slowed by cold attacks.


Message History

The tyrant leech is almost dead.
The tyrant leech bites you!!
* * * LOW HITPOINT WARNING * * *
The tyrant leech draws strength from your injuries!
You miss the tyrant leech.
Your tail-slap misses the tyrant leech.
The tyrant leech is almost dead.
You are no longer berserk.
You pass out from exhaustion.
You feel yourself slow down.
The tyrant leech bites you but does no damage. x2
You can move again.
You barely miss the tyrant leech.
The tyrant leech is severely wounded.
The tyrant leech completely misses you.
You riposte.
You hit the tyrant leech but do no damage.
The tyrant leech is severely wounded.
You hit the tyrant leech.
The tyrant leech is almost dead.
The tyrant leech bites you!!
You die...

##+## ##...##
#..#..#
####...####
##.###'###.##
#...##.##...#
#.†.<@w#
####.##w.$#
##÷# #.##
#.#.# ##
#.###.# ## ##


You could see 2 tyrant leeches.

Vanquished Creatures
  A siren (D)
  2 hippogriffs (D)
  2 worms (D)
5 creatures vanquished.

Vanquished Creatures (others)
  Menkaure (D)
  A crocodile (D)
2 creatures vanquished.

Grand Total: 7 creatures vanquished

Notes
Turn   | Place    | Note
-------+----------+-------------------------------------------
     0 | D        | Kagutsuchi the Draconian Berserker began the quest for the Orb.
     0 | D        | Reached XP level 1. HP: 19/19 MP: 1/1
     1 | D        | Noticed a tyrant leech
     1 | D        | Noticed a tyrant leech
     5 | D        | Noticed a hippogriff
     5 | D        | Noticed a hippogriff
    10 | D        | Killed a hippogriff
    10 | D        | Reached skill level 7 in Fighting
    10 | D        | Reached XP level 2. HP: 30/35 MP: 2/2
    10 | D        | Reached XP level 3. HP: 35/40 MP: 3/3
    10 | D        | Reached XP level 4. HP: 42/48 MP: 4/4
    10 | D        | Reached XP level 5. HP: 46/53 MP: 5/5
    15 | D        | Killed a hippogriff
    15 | D        | Reached skill level 9 in Fighting
    15 | D        | Reached XP level 6. HP: 45/64 MP: 6/6
    40 | D        | Killed Menkaure
   174 | D        | Noticed a siren
   179 | D        | Killed a siren
   179 | D        | Reached ** piety under Trog
   179 | D        | Reached skill level 10 in Fighting
   179 | D        | Your scales start taking on an icy white colour.
   179 | D        | Reached XP level 7. HP: 73/73 MP: 7/7
   179 | D        | Gained mutation: Your flesh is cold resistant. (rC+) [White Draconian growth]
   241 | D        | Reached *** piety under Trog
   308 | D        | Demolished by a tyrant leech

Skill      XL: |  1  2  3  4  5  6 |
---------------+-------------------+-----
Fighting       | 7 9 10 | 10.8
Long Blades    | 7 8 9 |  9.9
Dodging        | 6 7 8 |  8.6

Action                   |  1- 3 |  4- 6 |  7- 9 || total
-------------------------+-------+-------+-------++-------
Melee: Falchion          |     4 |     8 |    47 ||    59
       Tailslap          |     1 |     5 |     7 ||    13
Invok: Berserk           |     1 |     1 |     1 ||     3
  Use: Potion            |       |       |     1 ||     1
Armor: Skin              |     1 |       |     5 ||     6
Dodge: Dodged            |     2 |     9 |    12 ||    23
       Rpst.: Falchion   |     1 |     2 |     4 ||     7
